 Dungeon Crawl Stone Soup version 0.25.0-1-g7eea58d (webtiles) character file.

Game seed: 11369127480638858270

119 slopsidedcube the Changer (level 5, -2/39 HPs)
             Began as a Merfolk Transmuter on June 22, 2020.
             Slain by Sigmund
             ... wielding a +2 scythe of venom
              (7 damage)
             ... on level 3 of the Dungeon.
             The game lasted 00:30:22 (1904 turns).

slopsidedcube the Changer (Merfolk Transmuter)      Turns: 1904, Time: 00:30:23

Health: -2/39      AC:  9    Str: 17    XL:     5   Next: 3%
Magic:  5/8        EV: 12    Int: 13    God:
Gold:   194        SH:  0    Dex: 14    Spells: 6/9 levels left

rFire    + . .     SeeInvis .   o - +0 trident
rCold    + + .     Gourm    .   (no shield)
rNeg     . . .     Faith    .   g - +2 ring mail {rC+}
rPois    +         Spirit   .   n - +2 hat
rElec    +         Reflect  .   (no cloak)
rCorr    +         Harm     .   (no gloves)
MR       +....                  (no boots)
Stlth    +.........             t - amulet of regeneration
HPRegen  0.53/turn              i - +6 ring of strength
MPRegen  0.11/turn              p - ring of protection from magic

@: lethally poisoned (-2 -> -11), appendage (expiring), resistant, very slightly
contaminated
A: change form in water, swift swim, stealthy swim, horns 2
a: End Transformation


You were on level 3 of the Dungeon.
You were hungry.
You had grown temporary horns.
You visited 1 branch of the dungeon, and saw 3 of its levels.

You collected 194 gold pieces.

Inventory:

Hand Weapons
 o - a +0 trident (weapon)
 q - a +1 falchion
Missiles
 a - 96 arrows
 h - a throwing net (quivered)
 k - 62 bolts
 x - 3 javelins
Armour
 b - a +0 robe
 g - a +2 ring mail of cold resistance (worn)
 n - a +2 hat (worn)
Jewellery
 i - a +6 ring of strength (left hand)
 p - a ring of protection from magic (right hand)
 s - an uncursed amulet of faith
 t - an amulet of regeneration (around neck)
Wands
 y - a wand of clouds (6)
Scrolls
 c - 2 scrolls of remove curse
 e - 5 scrolls of identify
 l - a scroll of magic mapping
 v - 2 scrolls of teleportation {unknown}
Potions
 j - 3 potions of stabbing
 m - a potion of lignification {unknown}
 r - a potion of brilliance {unknown}
 u - 2 potions of flight {unknown}
 w - 2 potions of magic {unknown}
Comestibles
 d - 5 rations
 z - 2 chunks of flesh


   Skills:
 + Level 2.4 Fighting
 * Level 2.3 Polearms
 + Level 3.5 Dodging
 + Level 1.4 Stealth
 - Level 3.4 Unarmed Combat
 + Level 2.6 Spellcasting
 + Level 3.5 Transmutations


You had 6 spell levels left.
You knew the following spells:

 Your Spells              Type           Power        Failure   Level  Hunger
a - Beastly Appendage     Tmut           ##....       11%         1    #......
b - Sticks to Snakes      Tmut           ##......     16%         2    ###....

Your spell library contained the following spells:

 Spells                   Type           Power        Failure   Level  Hunger
 Spider Form              Tmut/Pois      #.........   54%         3    ###....
 Ice Form                 Ice/Tmut       #.......     91%         4    #####..
 Blade Hands              Tmut           ##........   96%         5    ######.


Dungeon Overview and Level Annotations

Branches:
Dungeon (3/15)

Altars:

Annotations:
D:3 Sigmund


Innate Abilities, Weirdness & Mutations

You revert to your normal form in water.
You are very nimble and swift while swimming.
You are very stealthy in the water. (Stealth+)
You have a pair of horns on your head.


Message History

No target in view!
No target in view!
You feel sick.
Your ball python seems less confused.
Something hits you.
You closely miss something. You headbutt something!
You feel sick. Something hits you.
* * * LOW HITPOINT WARNING * * *
You are more poisoned.
You feel protected.
You feel sick. Something hits you but does no damage.
You completely miss something. Your headbutt misses something.
You feel sick.
You miss something. You headbutt something.
You feel sick. Something hits you but does no damage.
You are lethally poisoned!
You closely miss something.
* * * LOW HITPOINT WARNING * * *
You feel very sick. Something hits you!
You die...

..... #. .#..# #..##!
.#..# #..##. .#..#
#..##. ### ....# #..##.
##.## .##.#
##..##.##.#.## .##.#
#......#.###.## .##.#
#...###S## ##.## .##.#
#....{@## ##.# ###.#
#..####.# ##.## # #.#
#..# ##.###.## # #.#
#..# #.#.## #.# #..#
#.## #.# #..##
#.############ ###.#
##...######............#
....#
#....)...#############.#
##### #.....##.# #.#


You could see a friendly ball python (wandering).

Vanquished Creatures
  Jessica (D:2)
  Natasha (D:2)
  Robin (D:2)
  2 worms
  2 leopard geckos
  4 giant cockroaches
  8 hobgoblins
  5 kobolds
  5 bats
  A frilled lizard (D:2)
  13 goblins
  A leopard gecko skeleton (D:2)
  6 rats
50 creatures vanquished.

Notes
Turn   | Place    | Note
-------+----------+-------------------------------------------
     0 | D:1      | slopsidedcube the Merfolk Transmuter began the quest for
                  | the Orb.
     0 | D:1      | Reached XP level 1. HP: 15/15 MP: 3/3
   303 | D:1      | Reached XP level 2. HP: 21/21 MP: 5/5
  1003 | D:2      | Reached XP level 3. HP: 24/27 MP: 6/6
  1028 | D:2      | Noticed Robin
  1057 | D:2      | Killed Robin
  1290 | D:2      | Reached skill level 1 in Stealth
  1413 | D:2      | Reached skill level 1 in Polearms
  1413 | D:2      | Reached XP level 4. HP: 33/33 MP: 7/7
  1419 | D:2      | Noticed Natasha
  1426 | D:2      | Killed Natasha
  1445 | D:2      | Noticed Jessica
  1451 | D:2      | Killed Jessica
  1468 | D:2      | Learned a level 2 spell: Sticks to Snakes
  1807 | D:3      | Reached XP level 5. HP: 37/39 MP: 8/8
  1883 | D:3      | Noticed Sigmund
  1904 | D:3      | Slain by Sigmund

Illustrated notes

Levels and vault maps discovered:
D:1:      scummos_arrival_forest, layout_loops_ring
D:2:      layout_basic, first_ration, uniq_natasha, uniq_robin, uniq_jessica
D:3:      layout_loops_ring, uniq_sigmund

Skill      XL: |  1  2  3  4 |
---------------+-------------+-----
Transmutations | 3 |  3.5
Dodging        | 3 |  3.5
Fighting       | 2 |  2.4
Stealth        | 1 |  1.4
Polearms       | 1 2 |  2.3
Unarmed Combat | |  3.4
Spellcasting   | |  2.6

Action                   |  1- 3 |  4- 6 || total
-------------------------+-------+-------++-------
Melee: Unarmed           |    71 |       ||    71
       Headbutt          |     1 |     3 ||     4
       Falchion          |    28 |       ||    28
       Punch             |     1 |       ||     1
       Trident           |    28 |    36 ||    64
 Cast: Beastly Appendage |     2 |     1 ||     3
       Sticks to Snakes  |       |     1 ||     1
  Use: Scroll            |     4 |       ||     4
       Potion            |       |     2 ||     2
  Eat: Chunk             |     2 |     1 ||     3
Armor: Ring mail         |    30 |    10 ||    40
       Robe              |     3 |       ||     3
Dodge: Dodged            |    87 |    19 ||   106
       Rpst.: Falchion   |     6 |       ||     6
